 Dungeon Crawl Stone Soup version 0.30-a0-1161-g0704695555 (webtiles) character file.

Game seed: 16080374480658106142

184 themarg the Caller (level 5, -2/35 HPs)
             Began as a Merfolk Summoner on Apr 28, 2023.
             Slain by a gnoll
             ... wielding a +0 halberd
              (4 damage)
             ... on level 2 of the Dungeon.
             The game lasted 00:04:04 (1451 turns).

themarg the Caller (Merfolk Summoner)               Turns: 1451, Time: 00:04:05

Health: -2/35      AC:  2    Str:  9    XL:     5   Next: 64%
Magic:  5/8        EV: 12    Int: 16    God:
Gold:   5          SH:  0    Dex: 14    Spells: 2/8 levels left

rFire   . . .        n - +0 spear
rCold   . . .        (no shield)
rNeg    . . .        a - +0 robe
rPois   .            (no helmet)
rElec   .            (no cloak)
rCorr   .            (no gloves)
SInv    .            (no boots)
Will    .....        (no amulet)
Stlth   ++           (no ring)
HPRegen 0.25/turn    (no ring)
MPRegen 0.11/turn

%: no passive effects
@: no status effects
A: (nimble swimmer 2), mertail
a: no special abilities


You were on level 2 of the Dungeon.
You visited 1 branch of the dungeon, and saw 2 of its levels.

You collected 5 gold pieces.

Inventory:

Hand Weapons
 d - a +0 flail
 n - a +0 spear (weapon)
Missiles
 e - 21 stones
Armour
 a - a +0 robe (worn)
Jewellery
 m - an amulet of faith
Scrolls
 c - a scroll of identify {unknown}
 f - a scroll of noise {unknown}
 g - 2 scrolls of magic mapping {unknown}
 j - a scroll of butterflies {unknown}
 l - a scroll of fog {unknown}
Potions
 b - a potion of magic
 h - a potion of flight {unknown}
 i - 2 potions of lignification {unknown}
 k - a potion of curing {unknown}


   Skills:
 - Level 2.6 Dodging
 - Level 3.0 Stealth
 - Level 2.0 Spellcasting
 + Level 6.5 Summonings


You had 2 spell levels left.
You knew the following spells:

 Your Spells              Type           Power      Damage    Failure   Level
a - Summon Small Mammal   Summ           88%        N/A       1%          1
b - Call Imp              Summ           44%        N/A       2%          2
c - Call Canine Familiar  Summ           22%        N/A       4%          3

Your spell library contained the following spells:

 Spells                   Type           Power      Damage    Failure   Level
 Summon Guardian Golem    Hex/Summ       12%        N/A       16%         3
 Summon Lightning Spire   Summ/Air       12%        N/A       47%         4


Dungeon Overview and Level Annotations

Branches:
Dungeon (2/15)

Altars:
Xom


Innate Abilities, Weirdness & Mutations

((You are very nimble when in or above water. (Stealth+, EV+, Speed+++)))
Your lower body shifts to a powerful aquatic tail in water.


Message History

Your hound bites the gnoll.
The gnoll closely misses your cerulean imp.
The gnoll misses your hound.
Your cerulean imp hits the gnoll with a -2 spear.
Your hound bites the gnoll.
Reach: n) +0 spear
Press: ? - help, Dir - move target, f/p - gnoll
Aim: a gnoll, wielding a +0 halberd (severely wounded, not watching you, ally target, about 36% to evade your +0 spear)
You reach to attack!
You completely miss the gnoll.
The gnoll is severely wounded.
Your hound bites the gnoll.
The gnoll hits your cerulean imp with a +0 spear.
The gnoll closely misses your hound.
Your cerulean imp hits the gnoll but does no damage.
Reach: n) +0 spear
Press: ? - help, Dir - move target, f/p - gnoll
Aim: a gnoll, wielding a +0 halberd (almost dead, not watching you, ally target, about 36% to evade your +0 spear)
You could not reach far enough!
Your hound closely misses the gnoll.
The gnoll misses your cerulean imp. The gnoll closely misses your hound.
Your cerulean imp hits the gnoll but does no damage.
Your hound bites the gnoll.
Reach: n) +0 spear
Press: ? - help, Dir - move target, f/p - gnoll
Aim: a gnoll, wielding a +0 halberd (almost dead, not watching you, ally target, about 36% to evade your +0 spear)
You could not reach far enough!
Your hound barely misses the gnoll.
The gnoll misses your cerulean imp. The gnoll barely misses your hound.
Your cerulean imp barely misses the gnoll.
Your hound barely misses the gnoll.
Reach: n) +0 spear
Press: ? - help, Dir - move target, f/p - gnoll
Aim: a gnoll, wielding a +0 halberd (almost dead, not watching you, ally target, about 36% to evade your +0 spear)
You reach to attack!
You hit the gnoll but do no damage.
The gnoll is almost dead.
The gnoll hits your cerulean imp with a +0 spear.
The gnoll hits you from afar with a +0 halberd!
* * * LOW HITPOINT WARNING * * *
Your hound barely misses the gnoll.
Your cerulean imp hits the gnoll with a -2 spear.
The gnoll hits you from afar with a +0 halberd.
You die...

#############
#............
♣.♣♣..#####
###♣♣.♣♣#.#######
...♣P..♣.@hgg....
#..♣P.P♣..#5##.##
#.#♣♣.♣♣###.#
#.###.### #
###h#§....# .
#..§'.....#
...###.#.#.....#
.........#.....#
..####.###.......


You could see 2 gnolls, a friendly hound (summoned) and a friendly cerulean imp
(summoned).

Vanquished Creatures
  A worm (D:2)
  A giant cockroach (D:1)
  A goblin (D:2)
  2 kobolds (D:2)
  2 bats (D:1)
7 creatures vanquished.

Vanquished Creatures (collateral kills)
  Sigmund (D:2)
  A gnoll (D:2)
  An endoplasm (D:1)
  3 hobgoblins
  A kobold (D:1)
  3 ball pythons
  2 bats (D:1)
  2 frilled lizards
  2 rats (D:1)
16 creatures vanquished.

Grand Total: 23 creatures vanquished

Notes
Turn   | Place    | Note
-------+----------+-------------------------------------------
     0 | D:1      | themarg the Merfolk Summoner began the quest for the Orb.
     0 | D:1      | Reached XP level 1. HP: 13/13 MP: 3/3
   347 | D:1      | Reached XP level 2. HP: 14/19 MP: 1/5
   350 | D:1      | Learned a level 2 spell: Call Imp
  1188 | D:2      | Found a shimmering altar of Xom.
  1221 | D:2      | Reached XP level 3. HP: 24/24 MP: 1/6
  1225 | D:2      | Learned a level 3 spell: Call Canine Familiar
  1328 | D:2      | Noticed Sigmund
  1353 | D:2      | Killed Sigmund
  1354 | D:2      | Reached skill level 6 in Summonings
  1354 | D:2      | Reached XP level 4. HP: 18/30 MP: 2/7
  1354 | D:2      | Reached XP level 5. HP: 21/35 MP: 2/8
  1451 | D:2      | Slain by a gnoll

Illustrated notes

Levels and vault maps discovered:
D:1:      dpeg_arrival_orchard, layout_basic
D:2:      layout_basic, basic_altar, serial_forest,
          infiniplex_forest_straight_1, infiniplex_forest_clump_double,
          infiniplex_forest_side_room, infiniplex_forest_lined_3,
          infiniplex_forest_end_1, infiniplex_forest_straight_4,
          infiniplex_forest_join, infiniplex_forest_lined_4_way,
          minmay_misc_feat_enclosed, grunt_ministairs_6, uniq_sigmund

Skill      XL: |  1  2  3 |
---------------+----------+-----
Stealth        | 3 |  3.0
Summonings     | 6 |  6.5
Dodging        | |  2.6
Spellcasting   | |  2.0

Action                     |  1- 3 |  4- 6 || total
---------------------------+-------+-------++-------
  Melee: Flail             |    16 |       ||    16
         Spear             |     4 |     6 ||    10
   Cast: Summon Small Mamm |    45 |       ||    45
         Call Imp          |     3 |     1 ||     4
         Call Canine Famil |     1 |     1 ||     2
   Stab: Distracted        |     1 |       ||     1
 Armour: Robe              |     4 |       ||     4
  Dodge: Dodged            |    13 |       ||    13

Table legend: (Time is in decaauts)
 A = Elapsed time spent in this place.
 B = Non-inter-level travel time spent in this place.
 C = Inter-level travel time spent in this place.
 D = Time resting spent in this place.
 E = Time spent auto-exploring this place.
 F = Levels seen in this place.
 G = Mean time per level.
                   A        B        C        D        E       F      G
               +--------+--------+--------+--------+--------+-----+--------+
         Total |   1457 |   1429 |     28 |      0 |   1127 |   2 |  728.5 |
       Dungeon |   1457 |   1429 |     28 |      0 |   1127 |   2 |  728.5 |
               +--------+--------+--------+--------+--------+-----+--------+

Top non-repeatable levels by time:
     D:1: 1032 daAuts
     D:2: 424 daAuts
